 Dungeon Crawl Stone Soup version 0.27.1-1-g398f81649c (webtiles) character file.

Game seed: 14888662636642061552

48 pokedragonboy the Ruffian (level 3, 0/31 HPs)
             Began as a Naga Transmuter on Sept 14, 2021.
             Slain by a goblin (5 damage)
             ... led by Robin
             ... on level 2 of the Dungeon.
             The game lasted 00:02:49 (1557 turns).

pokedragonboy the Ruffian (Naga Transmuter)         Turns: 1557, Time: 00:02:49

Health: 0/31       AC:  2    Str: 13    XL:     3   Next: 72%
Magic:  6/6        EV:  9    Int: 13    God:
Gold:   54         SH:  0    Dex: 11    Spells: 3/6 levels left

rFire    . . .     SeeInvis +   d - +3 spear
rCold    . . .     Faith    .   (no shield)
rNeg     . . .     Spirit   .   a - +0 robe
rPois    +         Reflect  .   (no helmet)
rElec    .         Harm     .   (no cloak)
rCorr    .         Rampage  .   (no gloves)
Will     .....                  (no barding)
Stlth    +.........             (no amulet)
HPRegen  0.10/turn              (no ring)
MPRegen  0.10/turn              (no ring)

@: short of breath, very slow
A: AC +1, large, see invisible, deformed body, poison resistance, slowness 2,
spit poison 1, naga tail 1
a: Spit Poison


You were on level 2 of the Dungeon.
You visited 1 branch of the dungeon, and saw 2 of its levels.

You collected 54 gold pieces.

Inventory:

Hand Weapons
 b - a +0 club
 d - a +3 spear (weapon)
 e - a +0 dagger
Armour
 a - a +0 robe (worn)
Scrolls
 c - 2 scrolls of blinking {unknown}


   Skills:
 + Level 1.5 Fighting
 - Level 1.5 Dodging
 * Level 3.6 Unarmed Combat
 + Level 2.3 Spellcasting
 * Level 2.7 Transmutations


You had 3 spell levels left.
You knew the following spells:

 Your Spells              Type           Power      Damage    Failure   Level
a - Beastly Appendage     Tmut           16%        N/A       9%          1
b - Wereblood             Tmut           8%         N/A       12%         2

Your spell library contained the following spells:

 Spells                   Type           Power      Damage    Failure   Level
 Spider Form              Tmut/Pois      2%         N/A       38%         3
 Ice Form                 Ice/Tmut       5%         N/A       80%         4


Dungeon Overview and Level Annotations

Branches:
Dungeon (2/15)

Altars:

Annotations:
D:2 Robin


Innate Abilities, Weirdness & Mutations

Your serpentine skin is tough. (AC +1)
You have supernaturally acute eyesight. (SInv)
Armour fits poorly on your strangely shaped body.
Your system is resistant to poisons. (rPois)
You cover ground very slowly.
You can spit poison.
You have a snake-like lower body.


Message History

A goblin comes into view. It is wielding a +0 club.
The goblin unwields a +0 club.
The goblin wields a +0 hunting sling.
The goblin shoots a stone.
The stone hits you.
The goblin shoots a stone.
The stone hits you.
Your transformation is almost over.
You barely miss the goblin. Your headbutt misses the goblin.
The goblin hits you with a +0 dagger.
Press: ? - help, Shift-Dir - straight line, f - goblin
Aim: a goblin, wielding a +0 dagger (strong)
The splash of poison misses the goblin. x2
The goblin no longer looks unusually strong.
The goblin hits you with a +0 dagger.
Unknown command.
The goblin no longer looks unusually strong.
Robin flexes a bicep menacingly.
Robin roars a battlecry!
The goblins go into a battle-frenzy!
You hear a shout! x3
The goblin no longer looks unusually strong.
The goblin hits you with a +0 dagger.
You aren't carrying any potions.
Your horns disappear.
You have got your breath back.
The goblin no longer looks unusually strong.
Robin roars a battlecry!
The goblins go into a battle-frenzy!
The goblin hits you with a +0 dagger.
* * * LOW HITPOINT WARNING * * *
Found a ring mail.
The goblin hits you with a +0 dagger.
* * * LOW HITPOINT WARNING * * *
The goblin closely misses you.
You aren't carrying any potions.
Press: ? - help, Shift-Dir - straight line, f/p - goblin
Aim: a goblin, wielding a +0 dagger (strong)
The splash of poison hits the goblin.
The goblin is severely wounded.
The goblin closely misses you. Robin throws the goblin at you!
The goblin unwields a +0 hunting sling.
The goblin wields a +0 club.
The goblin hits you with a +0 club.
You die...

#
###+############################
..............................<#
###.############################
###.#......g############
..)...#####.gg.g@g..[...
###.###################.
........... .##g#######
......... #...####. #..g# #...#
##..#


You could see Robin and 4 goblins.

Vanquished Creatures
  Jessica (D:2)
  A dart slug (D:1)
  2 bats
  An endoplasm (D:1)
  2 giant cockroaches (D:1)
  2 goblins (D:1)
  4 hobgoblins (D:1)
  4 ball pythons (D:1)
  A frilled lizard (D:1)
  A rat (D:1)
19 creatures vanquished.

Notes
Turn   | Place    | Note
-------+----------+-------------------------------------------
     0 | D:1      | pokedragonboy the Naga Transmuter began the quest for the
                  | Orb.
     0 | D:1      | Reached XP level 1. HP: 18/18 MP: 3/3
   401 | D:1      | Reached XP level 2. HP: 25/25 MP: 3/5
   433 | D:1      | Learned a level 2 spell: Wereblood
  1151 | D:2      | Noticed Jessica
  1160 | D:2      | Killed Jessica
  1161 | D:2      | Reached XP level 3. HP: 4/31 MP: 6/6
  1537 | D:2      | Noticed Robin
  1557 | D:2      | Slain by a goblin

Illustrated notes

Levels and vault maps discovered:
D:1:      ncdulo_smallfort, layout_loops_corners
D:2:      layout_basic, uniq_terence, uniq_jessica, uniq_robin

Action                   || total
-------------------------++-------
Melee: Club              ||     8
       Unarmed           ||     5
       Spear             ||    28
       Headbutt          ||     3
       Punch             ||     1
 Cast: Beastly Appendage ||    18
 Abil: Spit Poison       ||    14
Armor: Robe              ||     5
Dodge: Dodged            ||    20
